 Dungeon Crawl Stone Soup version 0.31-a0-180-g519b7de00c (webtiles) character file.

Game seed: 4399787015851106430

584 Moral the Grave Robber (level 7, -8/55 HPs)
             Began as a Naga Necromancer on June 20, 2023.
             Killed from afar by Dowan (11 damage)
             ... with a puff of flame
             ... on level 5 of the Dungeon.
             The game lasted 00:09:55 (5040 turns).

Moral the Grave Robber (Naga Necromancer)           Turns: 5040, Time: 00:09:56

Health: -8/55      AC:  5    Str: 10    XL:     7   Next: 37%
Magic:  5/12       EV: 10    Int: 17    God:
Gold:   234        SH:  0    Dex: 12    Spells: 8/13 levels left

rFire   . . .        (no weapon)
rCold   . . .        (no shield)
rNeg    . . .        a - +0 robe
rPois   +            (no helmet)
rElec   .            (no cloak)
rCorr   +            o - +1 pair of gloves
SInv    +            (no barding)
Will    .....        (no amulet)
Stlth   +++          p - ring of resist corrosion
HPRegen 0.29/turn    (no ring)
MPRegen 0.13/turn

%: no passive effects
@: very slow
A: AC +2, large, see invisible, deformed body, poison resistance, slowness 2,
spit poison 1, naga tail 1
a: Spit Poison


You were on level 5 of the Dungeon.
You visited 1 branch of the dungeon, and saw 5 of its levels.

You collected 234 gold pieces.

Inventory:

Armour
 a - a +0 robe (worn)
 o - a +1 pair of gloves (worn)
Jewellery
 p - a ring of resist corrosion (left hand)
Scrolls
 c - 4 scrolls of identify
 e - 3 scrolls of teleportation
 g - a scroll of revelation
 i - a scroll of fog {unknown}
 j - a scroll of silence {unknown}
 l - a scroll of immolation {unknown}
 m - 2 scrolls of enchant weapon {unknown}
 q - a scroll of vulnerability {unknown}
 r - a scroll of noise {unknown}
Potions
 b - a potion of magic
 d - 4 potions of lignification {unknown}
 f - 3 potions of brilliance {unknown}
 h - a potion of heal wounds {unknown}
 k - 3 potions of haste {unknown}
 n - a potion of might {unknown}
 s - 3 potions of degeneration {unknown}
 t - a potion of ambrosia {unknown}


   Skills:
 + Level 3.2 Dodging
 + Level 6.0 Stealth
 + Level 3.6 Spellcasting
 * Level 6.3 Necromancy


You had 8 spell levels left.
You knew the following spells:

 Your Spells              Type           Power      Damage    Failure   Level
a - Necrotise             Necr           96%        1d8       1%          1
b - Animate Dead          Necr           24%        N/A       12%         4

Your spell library contained the following spells:

 Spells                   Type           Power      Damage    Failure   Level
 Vampiric Draining        Necr           24%        2d7       3%          3
 Cigotuvi's Dreadful Rot  Necr/Pois/Air  20%        N/A       11%         2
 Agony                    Necr           24%        N/A       34%         5
 Ignite Poison            Fire/Tmut/Pois 3%         N/A       45%         3
 Stone Arrow              Conj/Erth      6%         3d7       45%         3
 Animate Armour           Summ/Erth      6%         N/A       86%         4
 Blade Hands              Tmut           1%         N/A       99%         5
 Freezing Cloud           Conj/Ice/Air   1%         6-21      99%         5
 Irradiate                Conj/Tmut      1%         3d12      99%         5
 Dragon Form              Tmut           1%         N/A       100%        7
 Lehudib's Crystal Spear  Conj/Erth      1%         10d2      100%        8


Dungeon Overview and Level Annotations

Branches:
Dungeon (5/15)
 Temple: D:4-7

Altars:

Shops:
D:5 *:*

Annotations:
D:5 Dowan, Duvessa


Innate Abilities, Weirdness & Mutations

Your serpentine skin is tough. (AC +2)
You have supernaturally acute eyesight. (SInv)
Armour fits poorly on your strangely shaped body.
Your system is resistant to poisons. (rPois)
You cover ground very slowly.
You can spit poison.
You have a snake-like lower body.


Message History

Your scorpion zombie closely misses Duvessa.
Duvessa barely misses your scorpion zombie.
Your scorpion zombie hits Duvessa but does no damage.
Duvessa throws a javelin.
The javelin pierces through your scorpion zombie but does no damage.
The javelin pierces through you!
Your scorpion zombie closely misses Duvessa.
Duvessa throws a javelin.
The javelin closely misses your scorpion zombie.
The javelin pierces through you!
Your reaping aura is weakening.
Your scorpion zombie hits Duvessa but does no damage.
Duvessa hits your scorpion zombie with a +0 rapier!
Your scorpion zombie hits Duvessa but does no damage.
Duvessa hits your scorpion zombie with a +0 rapier!
Your scorpion zombie closely misses Duvessa.
Duvessa throws a javelin.
The javelin barely misses your scorpion zombie.
The javelin pierces through you!
Dowan says, "Magic and the sword, together, will defeat you."
Dowan mumbles some strange words.
Dowan blinks!
Your scorpion zombie closely misses Duvessa.
Duvessa throws a javelin.
The javelin pierces through your scorpion zombie!
Your scorpion zombie is destroyed!
The javelin pierces through you.
* * * LOW HITPOINT WARNING * * *
Okay, then.
As you read the scroll labelled CIUJOPSINLO, it crumbles to dust.
You feel aware of your surroundings.
It was a scroll of revelation.
Duvessa gestures with her weapon.
Duvessa throws a javelin.
The javelin pierces through you!
* * * LOW HITPOINT WARNING * * *
Your reaping aura expires.
Duvessa throws a javelin.
The javelin completely misses you.
Found a stone staircase leading down.
Dowan zaps a wand.
The puff of flame hits you!
You die...

,,*,* *,*,,,,.....*
,,*,******##.#****#....##########
*,*,,,,,,,...>....+..............
*,*******###..#####.......Z..####
*,**,,,,,,.............##.####
,,**,******#...######.###....#
****,,,,* #..........######.# *
****,* #.#........#### #.# * *,*
#.#..@.....######.#### *******,*
#.#.###.##.#####<....# ,,,,,,*,*
#.#.###..#.#####.....# ,****,*,*
#.#.####...#####.....#
,****,*,***#.#.######.######.####
,,,,*,,,,,,#.#.######.e.####.#
,**,*,,,,,,#.#...............####
,**,*,,,,,,#.####.......####.....
,**,*,*,,,,.....#.......## ####..


You could see Dowan.

Vanquished Creatures
  2 ogres
  A centaur (D:5)
  2 scorpions
  A hound (D:4)
  An iguana (D:5)
  2 adders
  A shadow imp (D:5)
  A worm (D:4)
  3 orcs (D:4)
  2 bats (D:1)
  3 endoplasms
  3 giant cockroaches
  4 goblins
  8 hobgoblins
  7 jackals
  3 quokkas
  10 ball pythons
  A frilled lizard (D:1)
  7 kobolds
  4 rats
66 creatures vanquished.

Vanquished Creatures (collateral kills)
  A scorpion (D:4)
  An adder (D:5)
  An orc (D:5)
  A ball python (D:4)
  A rat (D:2)
5 creatures vanquished.

Vanquished Creatures (others)
  A scorpion zombie (D:5)
1 creature vanquished.

Grand Total: 72 creatures vanquished

Notes
Turn   | Place    | Note
-------+----------+-------------------------------------------
     0 | D:1      | Moral the Naga Necromancer began the quest for the Orb.
     0 | D:1      | Reached XP level 1. HP: 15/15 MP: 3/3
   195 | D:1      | Reached XP level 2. HP: 22/22 MP: 0/5
   910 | D:1      | Reached XP level 3. HP: 27/28 MP: 2/6
  1205 | D:2      | Identified the +8 plate armour "Litiorgh" {rCorr Str+4}
  2131 | D:3      | Noticed a scorpion
  2256 | D:3      | Killed a scorpion
  2257 | D:3      | Reached XP level 4. HP: 23/36 MP: 0/7
  3018 | D:3      | Reached skill level 5 in Necromancy
  3018 | D:3      | Reached XP level 5. HP: 41/42 MP: 3/9
  3128 | D:4      | Noticed an ogre
  3233 | D:3      | Killed an ogre
  3307 | D:4      | Noticed an ogre
  3316 | D:4      | Killed an ogre
  3317 | D:4      | Reached skill level 5 in Stealth
  3317 | D:4      | Reached XP level 6. HP: 12/49 MP: 3/10
  4283 | D:5      | Entered Level 5 of the Dungeon
  4319 | D:5      | Noticed Dowan
  4323 | D:5      | Noticed Duvessa
  4328 | D:5      | Found Devyppoi's Book Shoppe.
  4328 | D:5      | Found Olyovin's General Store.
  4328 | D:5      | Found Wuttuqel's Assorted Antiques.
  4371 | D:5      | Reached XP level 7. HP: 20/55 MP: 3/12
  4376 | D:5      | Learned a level 4 spell: Animate Dead
  5038 | D:5      | HP: 2/55 [Duvessa/javelin (10)]
  5040 | D:5      | Killed from afar by Dowan

Illustrated notes

Levels and vault maps discovered:
D:1:      minmay_arrival_four_houses, layout_loops_ring
D:2:      layout_basic
D:3:      layout_loops_corners, minmay_misc_feat_cross
D:4:      layout_cave_pools
D:5:      layout_basic, nicolae_shop_distant_corner_stores, minmay_bent,
          uniq_duvessa, uniq_prince_ribbit1

Skill      XL: |  1  2  3  4  5  6  7 |
---------------+----------------------+-----
Dodging        | 2 3 |  3.2
Stealth        | 4 5 6 |  6.0
Necromancy     | 5 6 |  6.3
Spellcasting   | 3 |  3.6

Action                     |  1- 3 |  4- 6 |  7- 9 || total
---------------------------+-------+-------+-------++-------
  Melee: Unarmed           |    16 |     1 |    40 ||    57
         Punch             |       |       |     2 ||     2
   Cast: Necrotise         |    71 |    87 |    16 ||   174
         Animate Dead      |       |       |     3 ||     3
Ability: Spit Poison       |     3 |     4 |     1 ||     8
    Use: Scroll            |     2 |     1 |     1 ||     4
 Armour: Robe              |     5 |    10 |    12 ||    27
  Dodge: Dodged            |    15 |    13 |    25 ||    53

Table legend: (Time is in decaauts)
 A = Elapsed time spent in this place.
 B = Non-inter-level travel time spent in this place.
 C = Inter-level travel time spent in this place.
 D = Time resting spent in this place.
 E = Time spent auto-exploring this place.
 F = Levels seen in this place.
 G = Mean time per level.
                   A        B        C        D        E       F      G
               +--------+--------+--------+--------+--------+-----+--------+
         Total |   6152 |   6019 |    133 |    468 |   4928 |   5 | 1230.4 |
       Dungeon |   6152 |   6019 |    133 |    468 |   4928 |   5 | 1230.4 |
               +--------+--------+--------+--------+--------+-----+--------+

Top non-repeatable levels by time:
     D:3: 1613 daAuts
     D:1: 1301 daAuts
     D:4: 1246 daAuts
     D:2: 1130 daAuts
     D:5: 860 daAuts
